 Dungeon Sprint DCSS version bcrawl-1.19.1 (webtiles) character file.

Game seed: 2061448087976127577

104305 Artagas the Slayer (level 16, -16/145 HPs)
             Began as a Formicid Fighter on Nov 26, 2019.
             Was the Champion of Uskayaw.
             Killed from afar by an orb of fire (27 damage)
             ... with a fireball
             ... in the Dungeon (Sprint V: "Ziggurat Sprint").
             The game lasted 00:23:50 (2606 turns).

Artagas the Slayer (Formicid Fighter)               Turns: 2606, Time: 00:23:51

Health: -16/145    AC: 43    Str: 37    XL:     16   Next: 92%
Magic:  21/21      EV: 15    Int:  9    God:    Uskayaw [******]
Gold:   10         SH: 37    Dex:  8    Spells: 15/15 levels left

rFire    + + .     SeeInvis +   S - +14 obsidian axe {chop, +Fly SInv *Curse} (curse)
rCold    . . .     Gourm    .   R - +18 shield of the Gong {rElec rN+ MR+ EV-5}
rNeg     + + .     Faith    .   Q - +15 Maxwell's patent armour {-Cast -Tele rElec MR+ rCorr}
rPois    .         Spirit   .   (helmet unavailable)
rElec    +         Reflect  +   H - +0 cloak {MR+}
rCorr    +         Harm     .   W - +2 pair of gloves {Str+3}
MR       ++++.     NoCast   +   V - +0 pair of boots {Stlth++}
Stlth    ..........             J - amulet of Ponirin {Reflect rF+ MP-9 Str+4 SH+3}
HPRegen  0.34/turn              N - ring "Udat" {rN+ EV+5 SInv}
MPRegen  0.17/turn              I - ring "Tuuceyck" {rElec rF+ Dex-4 Slay+2 SInv}

@: mighty, mesmerised
A: permanent stasis, dig shafts and tunnels, four strong arms, antennae 3, frail
1
a: Dig, Stomp, Line Pass, Grand Finale, Renounce Religion, Evoke Flight


You were in the Dungeon.
You worshipped Uskayaw.
Uskayaw was greatly pleased with you.
You were not hungry.

You visited 1 branch You collected 10 gold pieces.

Inventory:

Hand Weapons
 b - a +5 broad axe
   (You found it in the Dungeon)
 k - the +3 eveningstar "Sotruj" {drain, *Rage rElec rF++ Stlth+}
   (You found it in the Dungeon)

   A truly terrible weapon, it drains the life of those it strikes.
   It greatly protects you from fire.
   It insulates you from electricity.
   It may make you go berserk in combat.
   It makes you more stealthy.
 n - the +8 executioner's axe of Causality {freeze, Dex+2}
   (You found it in the Dungeon)

   It has been specially enchanted to freeze those struck by it, causing extra
   injury to most foes and up to half again as much damage against particularly
   susceptible opponents.
   It can also slow down cold-blooded creatures.
   It affects your dexterity (+2).
 p - a +5 executioner's axe
   (You found it in the Dungeon)
 B - the +8 glaive of the Guard {elec, +Rage AC+5 SInv}
   (You found it in the Dungeon)

   Occasionally, upon striking a foe, it will discharge some electrical energy
   and cause terrible harm.
   It affects your AC (+5).
   It lets you see invisible.
   It lets you go berserk.
 O - the +9 heavy crossbow "Sniper" {velocity, Acc+∞ SInv}
   (You found it in the Dungeon)

   Any bolt fired from it inflicts extra damage.
   It lets you see invisible.
 P - the +10 dark maul {crush}
   (You found it in the Dungeon)

   It inflicts extra damage upon your enemies.
 S - the cursed +14 obsidian axe (weapon) {chop, +Fly SInv *Curse}
   (You found it in the Dungeon)

   It inflicts extra damage upon your enemies.
   It lets you see invisible.
   It lets you fly.
   It curses itself when equipped.
   It has a curse placed upon it.
 T - the +7 great mace "Firestarter" {inner flame, rF++}
   (You found it in the Dungeon)

   It has been specially enchanted to burn those struck by it, causing extra
   injury to most foes and up to half again as much damage against particularly
   susceptible opponents.
   It greatly protects you from fire.
Missiles
 Y - a throwing net (quivered) {!f}
Armour
 g - +5 gold dragon scales
   (You found it in the Dungeon)
 l - a +3 large shield
   (You found it in the Dungeon)
 m - a +5 crystal plate armour
   (You found it in the Dungeon)
 H - a +0 cloak of magic resistance (worn)
   (You found it in the Dungeon)
 Q - the +15 Maxwell's patent armour (worn) {-Cast -Tele rElec MR+ rCorr}
   (You found it in the Dungeon)

   It insulates you from electricity.
   It affects your resistance to hostile enchantments.
   It prevents spellcasting.
   It prevents most forms of teleportation.
   It provides partial protection from all sources of acid and corrosion.
 R - the +18 shield of the Gong (worn) {rElec rN+ MR+ EV-5}
   (You found it in the Dungeon)

   It affects your evasion (-5).
   It insulates you from electricity.
   It protects you from negative energy.
   It affects your resistance to hostile enchantments.
 V - a +0 pair of boots of stealth (worn)
   (You found it in the Dungeon)
 W - a +2 pair of gloves of strength (worn)
   (You found it in the Dungeon)
Jewellery
 a - an uncursed ring of flight
   (You found it in the Dungeon)
 c - an uncursed ring of protection from cold
   (You found it in the Dungeon)
 f - an uncursed ring of protection from fire
   (You found it in the Dungeon)
 o - an uncursed ring of poison resistance
   (You found it in the Dungeon)
 I - the ring "Tuuceyck" (right hand) {rElec rF+ Dex-4 Slay+2 SInv}
   (You took it off a spriggan in the Dungeon)

   [ring of see invisible]

   It affects your dexterity (-4).
   It affects your accuracy and damage with ranged weapons and melee attacks
   (+2).
   It protects you from fire.
   It insulates you from electricity.
   It lets you see invisible.
 J - the amulet of Ponirin (around neck) {Reflect rF+ MP-9 Str+4 SH+3}
   (You found it in the Dungeon)

   [amulet of reflection]

   It shields you and reflects attacks.
   It affects your strength (+4).
   It protects you from fire.
   It affects your magic capacity (-9).
   It affects your SH (+3).
 N - the ring "Udat" (left hand) {rN+ EV+5 SInv}
   (You found it in the Dungeon)

   [ring of evasion]

   It affects your evasion (+5).
   It protects you from negative energy.
   It lets you see invisible.
 U - an uncursed ring of protection from cold
   (You took it off Eustachio in the Dungeon)
Wands
 y - a wand of disintegration (14)
   (You found it in the Dungeon)
 E - a wand of iceblast (7)
   (You found it in the Dungeon)
 F - a wand of acid (16)
   (You found it in the Dungeon)
Scrolls
 j - 4 scrolls of brand weapon
 r - 4 scrolls of identify
 t - 4 scrolls of amnesia
 u - 5 scrolls of remove curse
 v - 2 scrolls of fear
 D - 7 scrolls of fog
Potions
 d - 5 potions of might
 i - 7 potions of magic
 q - 10 potions of curing
 s - 5 potions of agility
 w - 9 potions of heal wounds
 x - 2 potions of brilliance
 A - 2 potions of invisibility
 G - 4 potions of resistance
Miscellaneous
 h - a phial of floods
   (You found it in the Dungeon)
 z - 6 phantom mirrors
 C - 5 boxes of beasts
 M - a lightning rod (4/4)
   (You found it in the Dungeon)
 Z - a lamp of fire
   (You found it in the Dungeon)
Comestibles
 e - 9 rations {!d}


   Skills:
 + Level 25.0 Fighting
 - Level 18.1 Axes
 + Level 22.2 Armour
 - Level 14.1 Dodging
 - Level 18.2 Shields
 - Level 21.0 Invocations
 - Level 18.0 Evocations


You had 15 spell levels left.
You didn't know any spells.
Your spell library contained the following spells:

 Spells                   Type           Power        Failure   Level  Hunger
 Blink Other              Tloc           #.....       75%         1    ##.....
 Freeze                   Ice            #.....       75%         1    ##.....
 Infusion                 Chrm           #.......     75%         1    ##.....
 Shock                    Conj/Air       #....        75%         1    ##.....
 Summon Small Mammal      Summ           #...         75%         1    ##.....
 Call Imp                 Summ           #.....       87%         2    ###....
 Corpse Rot               Necr           N/A          87%         2    ###....
 Flaming Arrows           Chrm/Fire      #.......     87%         2    ###....
 Poisonous Vapours        Pois/Air       #.....       87%         2    ###....
 Song of Slaying          Chrm           #.......     87%         2    ###....
 Sublimation of Blood     Necr           #.........   87%         2    ###....
 Swiftness                Chrm/Air       #.......     87%         2    ###....
 Call Canine Familiar     Summ           #.......     98%         3    ####...
 Conjure Flame            Conj/Fire      #.......     98%         3    ####...
 False Image              Hex/Summ       #.......     98%         3    ####...
 Ignite Poison            Fire/Tmut/Pois #.......     98%         3    ####...
 Mephitic Cloud           Conj/Pois/Air  #.......     98%         3    ####...
 Ozocubu's Armour         Chrm/Ice       #.......     98%         3    ####...
 Portal Projectile        Tloc           #.....       98%         3    ####...
 Recall                   Summ/Tloc      N/A          98%         3    ####...
 Regeneration             Chrm/Necr      #.........   98%         3    ####...
 Spider Form              Tmut/Pois      #..          98%         3    ####...
 Teleport Other           Tloc           #.......     98%         3    ####...
 Tukima's Dance           Hex            #.......     98%         3    ####...
 Fulminant Prism          Conj/Hex       #.........   100%        4    #####..
 Petrify                  Tmut/Erth      #.......     100%        4    #####..
 Sticky Flame             Conj/Fire      #.......     100%        4    #####..
 Summon Ice Beast         Ice/Summ       #.......     100%        4    #####..
 Aura of Abjuration       Summ           #.........   100%        5    ######.
 Iskenderun's Battlesphe  Conj/Chrm      #.......     100%        5    ######.
 Lightning Bolt           Conj/Air       #.........   100%        5    ######.
 Metabolic Englaciation   Hex/Ice        #.........   100%        5    ######.
 Passage of Golubria      Tloc           N/A          100%        5    ######.
 Piercing Shot            Chrm           #.........   100%        5    ######.
 Silence                  Hex/Air        #.........   100%        5    ######.
 Summon Demon             Summ           #.........   100%        5    ######.
 Summon Forest            Summ/Tloc      #.........   100%        5    ######.
 Summon Lightning Spire   Summ/Air       #.......     100%        5    ######.
 Summon Mana Viper        Hex/Summ       #.......     100%        5    ######.
 Conjure Ball Lightning   Conj/Air       #.........   100%        6    #######
 Darkness                 Hex            #.........   100%        6    #######
 Deflect Missiles         Chrm/Air       #.........   100%        6    #######
 Freezing Cloud           Ice/Air        #.........   100%        6    #######
 Infestation              Hex/Tmut/Pois  #........    100%        6    #######
 Iron Shot                Conj/Erth      #.........   100%        6    #######
 Ozocubu's Refrigeration  Ice            #.........   100%        6    #######
 Poison Arrow             Conj/Pois      #.........   100%        6    #######
 Shadow Creatures         Summ           N/A          100%        6    #######
 Simulacrum               Ice/Necr       #.........   100%        6    #######
 Steam Barrier            Chrm/Fire      #.........   100%        6    #######
 Summon Hydra             Summ           #.........   100%        6    #######
 Icicle Burst             Conj/Ice       #.........   100%        7    #######
 Monstrous Menagerie      Summ           #.........   100%        7    #######
 Orb of Destruction       Conj           #.........   100%        7    #######
 Spellforged Servitor     Conj/Summ      #.........   100%        7    #######
 Chain Lightning          Conj/Air       #.........   100%        8    #######
 Ignition                 Fire           #.........   100%        8    #######
 Necromutation            Tmut/Necr      #.......     100%        8    #######
 Shatter                  Erth           #.........   100%        9    #######
 Tornado                  Air            #.........   100%        9    #######
 Blink                    Tloc           Unusable     N/A         2    N/A

Dungeon Overview and Level Annotations

Branches:
Dungeon (1/1)

Altars:
Ashenzari
Cheibriados
Dithmenos
Elyvilon
Fedhas
Gozag
Hepliaklqana
Kikubaaqudgha
Lugonu
Makhleb
Nemelex Xobeh
Okawaru
Qazlal
Ru
Sif Muna
Trog
Uskayaw
Vehumet
Wu Jian
Xom
Yredelemnul
Zin
The Shining One
Beogh
Jiyva


Innate Abilities, Weirdness & Mutations

You cannot be hasted, slowed, berserked, paralysed or teleported.
You can dig through walls and to a lower floor.
Your four strong arms can wield two-handed weapons with a shield.
You have a pair of large antennae on your head. (SInv)
You are frail. (-10% HP)


Message History

Your ufetubus completely misses the hell hound.
The orb of fire emits a lurid red light.
The bolt of fire misses you. The bolt of fire hits your ufetubus.
Your ufetubus is burned terribly!
Your ufetubus dies!
The bolt of fire hits your ufetubus.
Your ufetubus is burned terribly!
Your ufetubus dies!
Uskayaw prepares the audience for your solo!
The helpless orb of fire fails to defend itself.
You slash the orb of fire!
You kill the fire dragon!
The fire dragon scales are intact enough to wear.
You are no longer entranced.
You destroy the orb of fire!
Training target 18.0 for Shields reached!
Training target 22.0 for Armour reached!
Your Armour skill increases to level 22!
Your Shields skill increases to level 18!
You kill the balrug!
Training target 14.0 for Dodging reached!
Your Dodging skill increases to level 14!
The orb of fire is lightly damaged.
The helpless fire dragon fails to defend itself.
You carve the fire dragon like a ham!!!
You kill the efreet!
You kill the fire dragon!
The fire dragon scales are intact enough to wear.
The helpless hell hound fails to defend itself.
You slice the hell hound!!
You kill the hell hound!
Training target 25.0 for Fighting reached!
Your Fighting skill increases to level 25!
You need to enable at least one skill for training.
Visions of slaying the orb of fire flood into your mind.
The helpless orb of fire fails to defend itself.
You slice the orb of fire!!
You destroy the fire elemental!
The orb of fire is heavily damaged.
The fire dragon is no longer sharing its pain.
The orb of fire is no longer paralysed.
You feel much better.
Your chaos spawn completely misses the orb of fire.
Your ufetubus closely misses the orb of fire.
Your ufetubus barely misses the orb of fire.
You slice the orb of fire!!
The orb of fire is severely damaged.
The orb of fire is no longer sharing its pain.
The orb of fire glows red.
The fireball explodes!
The fireball engulfs you! You resist.
* * * LOW HITPOINT WARNING * * *
The fireball engulfs your ufetubus.
Your ufetubus is burned terribly!
Your ufetubus dies!
The fireball engulfs your chaos spawn.
Your chaos spawn dies!
Your chaos spawn degenerates into a cloud of primal chaos!
The fireball engulfs the orb of fire.
The orb of fire completely resists.
The fireball engulfs your ynoxinul.
Your ynoxinul dies!
Your ufetubus disappears in a puff of smoke! x4
You completely miss the orb of fire.
The orb of fire is severely damaged.
The orb of fire glows bright magenta.
The fireball explodes!
The fireball engulfs you! You resist.
* * * LOW HITPOINT WARNING * * *
The fireball engulfs the orb of fire.
The orb of fire completely resists.
You feel much better.
The efreet is no longer paralysed.
The fire vortex is no longer paralysed.
The fire dragon is no longer paralysed.
The orb of fire glows deep purple.
Strange energies course through your body.
You feel frail. The efreet gestures at you.
The bolt of fire hits the fire dragon.
The fire dragon resists.
The bolt of fire misses you.
Your Maxwell's patent armour prevents you from hitting the fire dragon.
The fire dragon is heavily wounded.
You closely miss the orb of fire.
The orb of fire glows deep purple.
The bolt of fire hits you! You resist.
* * * LOW HITPOINT WARNING * * *
You block the fire dragon's attack.
PANG!
The fire dragon claws you but does no damage.
You block the fire dragon's attack.
GONNNNG!
Unknown command.
You feel much better.
Visions of slaying the fire dragon flood into your mind.
The orb of fire glows bright magenta.
The bolt of fire hits you! You resist.
* * * LOW HITPOINT WARNING * * *
The efreet gestures at you.
The bolt of fire hits the fire dragon.
The fire dragon completely resists.
The bolt of fire misses you. The fire dragon breathes flames at you.
The blast of flame hits you!
The blast of flame misses the fire vortex.
The orb of fire glows red.
The fireball explodes!
The fireball engulfs you! You resist.
You die...

{ ☼{ {{ {{{ ▓.).....
▓...[|}).[|.||. ▓..÷)÷..
▓....|}[):|[... ▓..)....
▓.....R........ ▓..▓....
▓...............▓.▓▓▓...
▓.......).......▓..▓....
▓.....)..[......▓.......
▓.....[D*)......▓......©
▓......@....... ▓▓▓▓▓▓▓▓
▓...▓.§.....▓.. ▓.
▓▓.v...▓▓ .
...▓§.§.†..▓...
......§.§......
▓.......©.......
▓▓▓▓▓▓▓▓▓▓▓▓▓▓▓▓


{{{{{{{{{{{{{ You could see an orb of fire, a fire dragon, an efreet and a fire
vortex.

Vanquished Creatures
  An orb of fire (D)
  Saint Roka (D)
  Gastronok (D)
  Nikola (D)
  A tentacled monstrosity (D)
  3 Ice Fiends (D)
  Polyphemus (D)
  4 acid blobs (D)
  Kirke (D)
  2 storm dragons (D)
  A shadow dragon (D)
  A fire giant (D)
  An azure jelly (D)
  Donald (D)
  3 balrugs (D)
  A reaper (D)
  A stone giant (D)
  A draconian stormcaller (D)
  3 very ugly things (D)
  2 red draconians (D)
  2 yellow draconians (D)
  A green draconian (D)
  A black draconian (D)
  3 white draconians (D)
  A dire elephant (D)
  A death ooze (D)
  Josephine (D)
  4 fire dragons (D)
  3 ice dragons (D)
  Harold (D)
  2 hydras (D)
  3 shambling mangroves (D)
  An alligator (D)
  An orc high priest (D)
  A queen ant (shapeshifter) (D)
  A deep elf knight (D)
  A hell hog (D)
  4 spriggan berserkers (D)
  A deep troll (shapeshifter) (D)
  A glowing orange brain (D)
  2 ironbrand convokers (D)
  2 ugly things (D)
  A faun (D)
  An oklob plant (D)
  3 shining eyes (D)
  Maurice (D)
  An elephant (shapeshifter) (D)
  A moth of wrath (D)
  3 cane toads (D)
  5 ice devils (D)
  5 freezing wraiths (D)
  A rime drake (shapeshifter) (D)
  3 efreet (D)
  A wind drake (shapeshifter) (D)
  4 merfolk (D)
  A merfolk (shapeshifter) (D)
  11 hornets (D)
  A wind drake (D)
  4 slime creatures (D)
  4 hippogriffs (D)
  3 flying skulls (D)
  6 spriggans (D)
  A wraith (D)
  An air elemental (D)
  2 yaks (D)
  A wyvern (D)
  Eustachio (D)
  A basilisk (shapeshifter) (D)
  2 basilisks (D)
  5 fire elementals (D)
  A neqoxec (D)
  2 insubstantial wisps (D)
  2 nagas (D)
  Edmund (D)
  Duvessa (D)
  3 crocodiles (D)
  3 water moccasins (D)
  3 hell hounds (D)
  7 porcupines (D)
  A floating eye (shapeshifter) (D)
  An ice beast (D)
  A wolf (D)
  A centaur (D)
  A bullfrog (D)
  Blork the orc (D)
  An earth elemental (D)
  5 jellies (D)
  An orc wizard (D)
  An iron imp (D)
  Terence (D)
  2 adders (D)
  A river rat (D)
  A white imp (D)
  An ufetubus (D)
  4 oozes (D)
  An orc (D)
  4 bat skeletons (D)
  3 bat zombies (D)
  2 ball pythons (D)
  A jackal skeleton (D)
  2 jackal zombies (D)
  A leopard gecko simulacrum (D)
  2 leopard gecko skeletons (D)
  3 quokka skeletons (D)
  A butterfly (D)
  3 fire vortices (D)
213 creatures vanquished.

Vanquished Creatures (collateral kills)
  An acid blob (D)
  Agnes (D)
  An azure jelly (D)
  2 vault guards (D)
  A satyr (D)
  A shambling mangrove (D)
  Sonja (D)
  A wizard (D)
  A deep elf archer (D)
  An oklob plant (D)
  A deep elf mage (D)
  A black mamba (D)
  A naga mage (D)
  A yaktaur (D)
  2 merfolk (D)
  4 hornets (D)
  A blink frog (D)
  A wind drake (D)
  A slime creature (D)
  A spriggan (D)
  An insubstantial wisp (D)
  A crocodile (D)
  A black bear (D)
  A wolf (D)
  A small abomination (D)
  2 jellies (D)
  An orc priest (D)
  Jessica (D)
  A butterfly (D)
35 creatures vanquished.

Vanquished Creatures (others)
  A fire vortex (D)
1 creature vanquished.

Grand Total: 249 creatures vanquished

Notes
Turn   | Place    | Note
-------+----------+-------------------------------------------
     0 | D        | Artagas the Formicid Fighter began the quest for the Orb.
     0 | D        | Reached XP level 1. HP: 18/18 MP: 1/1
    13 | D        | Found a blossoming altar of Fedhas.
    14 | D        | Found the +6 Majin-Bo {vamp, *Drain Str+12 Int+24}
    14 | D        | Found the +7 great mace "Firestarter" {inner flame, rF++}
    25 | D        | Found a viscous altar of Jiyva.
    25 | D        | Found a hazy altar of Hepliaklqana.
    25 | D        | Found a transporter.
    25 | D        | Found an opulent altar of Gozag.
    25 | D        | Found an ancient bone altar of Kikubaaqudgha.
    25 | D        | Found a corrupted altar of Lugonu.
    36 | D        | Found a burning altar of Makhleb.
    37 | D        | Found a sacrificial altar of Ru.
    37 | D        | Found a stormy altar of Qazlal.
    37 | D        | Found a shimmering blue altar of Sif Muna.
    37 | D        | Found an iron altar of Okawaru.
    37 | D        | Found a bloodstained altar of Trog.
    37 | D        | Found a sparkling altar of Nemelex Xobeh.
    56 | D        | Found the +9 heavy crossbow "Sniper" {velocity, Acc+∞ SInv}
    56 | D        | Found the +10 dark maul {crush}
    56 | D        | Found the +15 Maxwell's patent armour {-Cast -Tele rElec
                  | MR+ rCorr}
    56 | D        | Found the +18 shield of the Gong {rElec rN+ MR+ EV-5}
    56 | D        | Found the cursed +14 obsidian axe {chop, +Fly SInv *Curse}
    58 | D        | Found the +6 shillelagh "Devastator" {shatter}
    58 | D        | Found the +11 plutonium sword {*Contam Stlth-}
    58 | D        | Found the +8 lance "Wyrmbane" {slay drac, rPois rF+ rC+
                  | AC+3}
    58 | D        | Found the +9 sword of Zonguldrok {reap}
    58 | D        | Found the cursed +13 scythe of Curses {drain, *Curse}
    58 | D        | Found the +0 sword of Power
    58 | D        | Found the +7 mace of Variability {chain chaos}
    58 | D        | Found the +7 Singing Sword {slice}
    58 | D        | Found the +7 longbow "Piercer" {penet, EV-2}
    97 | D        | Reached skill level 6 in Fighting
    97 | D        | Reached skill level 5 in Axes
    97 | D        | Reached XP level 2. HP: 29/29 MP: 2/2
   130 | D        | Became a worshipper of Uskayaw the Reveler
   146 | D        | Entered arena 2.
   146 | D        | Noticed a merfolk
   146 | D        | Noticed a merfolk
   146 | D        | Found a transporter.
   152 | D        | Reached * piety under Uskayaw
   154 | D        | Killed a merfolk
   154 | D        | Reached skill level 10 in Fighting
   154 | D        | Reached skill level 8 in Axes
   154 | D        | Reached XP level 3. HP: 40/41 MP: 3/3
   154 | D        | Reached XP level 4. HP: 46/47 MP: 4/4
   154 | D        | Reached XP level 5. HP: 52/53 MP: 5/5
   154 | D        | Reached XP level 6. HP: 58/60 MP: 6/6
   157 | D        | Killed a merfolk
   157 | D        | Reached skill level 11 in Fighting
   157 | D        | Reached skill level 10 in Axes
   157 | D        | Reached ** piety under Uskayaw
   169 | D        | Entered arena 3.
   169 | D        | Found a transporter.
   173 | D        | Reached XP level 7. HP: 56/68 MP: 7/7
   177 | D        | Got the +4 ice dragon scales of Inaction {rF- rC++ rN+ MR+}
   180 | D        | Got the +3 eveningstar "Sotruj" {drain, *Rage rElec rF++
                  | Stlth+}
   183 | D        | Got the Catalogue of Flying Boosts
   186 | D        | Entered arena 4.
   186 | D        | Found a transporter.
   190 | D        | Reached skill level 1 in Invocations
   191 | D        | Reached skill level 4 in Shields
   191 | D        | Reached skill level 1 in Evocations
   207 | D        | Entered arena 5.
   207 | D        | Noticed an insubstantial wisp
   207 | D        | Noticed an air elemental
   207 | D        | Noticed an insubstantial wisp
   207 | D        | Noticed an insubstantial wisp
   207 | D        | Found a transporter.
   209 | D        | Killed an insubstantial wisp
   209 | D        | Reached skill level 4 in Armour
   209 | D        | Reached skill level 2 in Invocations
   209 | D        | Reached skill level 2 in Evocations
   210 | D        | Killed an air elemental
   210 | D        | Reached skill level 12 in Fighting
   210 | D        | Reached skill level 5 in Shields
   210 | D        | Reached skill level 3 in Invocations
   210 | D        | Reached skill level 3 in Evocations
   210 | D        | Reached XP level 8. HP: 66/76 MP: 8/10
   212 | D        | Reached skill level 11 in Axes
   212 | D        | Reached skill level 5 in Armour
   212 | D        | Reached skill level 4 in Invocations
   212 | D        | Reached *** piety under Uskayaw
   219 | D        | Got the cursed +3 trident of Gallantry {protect, rN+ Int+3}
   353 | D        | Entered arena 6.
   353 | D        | Noticed a deep elf archer
   353 | D        | Noticed an orc high priest
   353 | D        | Noticed a deep elf mage
   353 | D        | Noticed a deep elf knight
   353 | D        | Found a transporter.
   358 | D        | Killed a deep elf mage
   358 | D        | Reached skill level 6 in Shields
   358 | D        | Reached skill level 5 in Invocations
   358 | D        | Reached skill level 4 in Evocations
   359 | D        | Killed a deep elf knight
   359 | D        | Reached skill level 6 in Armour
   359 | D        | Reached skill level 7 in Shields
   359 | D        | Reached skill level 6 in Invocations
   359 | D        | Reached skill level 5 in Evocations
   359 | D        | Reached XP level 9. HP: 80/84 MP: 11/13
   359 | D        | Killed an orc high priest
   359 | D        | Reached skill level 13 in Fighting
   359 | D        | Reached skill level 12 in Axes
   359 | D        | Reached skill level 7 in Armour
   359 | D        | Reached skill level 8 in Shields
   359 | D        | Reached skill level 7 in Invocations
   359 | D        | Reached **** piety under Uskayaw
   363 | D        | Killed a deep elf archer
   363 | D        | Reached skill level 8 in Armour
   363 | D        | Reached skill level 9 in Shields
   363 | D        | Reached skill level 8 in Invocations
   363 | D        | Reached ***** piety under Uskayaw
   389 | D        | Entered arena 7.
   390 | D        | Found a transporter.
   394 | D        | Reached XP level 10. HP: 86/93 MP: 16/16
   403 | D        | Got the +5 quarterstaff "Hesocue" {crush, Dex+3}
   411 | D        | Entered arena 8.
   411 | D        | Noticed a spriggan rider
   411 | D        | Noticed a spriggan rider
   411 | D        | Noticed a spriggan rider
   412 | D        | Found a transporter.
   414 | D        | Reached skill level 9 in Armour
   414 | D        | Reached skill level 9 in Invocations
   417 | D        | Reached skill level 14 in Fighting
   417 | D        | Reached skill level 13 in Axes
   418 | D        | Reached skill level 14 in Axes
   419 | D        | Killed a spriggan rider
   419 | D        | Reached skill level 15 in Axes
   446 | D        | Entered arena 9.
   446 | D        | Noticed a naga mage
   447 | D        | Found a transporter.
   456 | D        | Killed a naga mage
   456 | D        | Reached XP level 11. HP: 100/100 MP: 17/17
   460 | D        | Got the +8 chain mail "Vitej" {Dex+4}
   464 | D        | Got the Guide on Helpful Hexes
   471 | D        | Got the +3 buckler of Analysis {rPois rN+ Int+5 Stlth-}
   476 | D        | Entered arena 10.
   476 | D        | Noticed a stone giant
   476 | D        | Noticed a wizard
   476 | D        | Noticed a vault guard
   476 | D        | Noticed an ironbrand convoker
   476 | D        | Noticed an ironbrand convoker
   476 | D        | Noticed a vault guard
   477 | D        | Found a transporter.
   483 | D        | Killed an ironbrand convoker
   483 | D        | Reached skill level 16 in Axes
   483 | D        | Killed a vault guard
   483 | D        | Reached skill level 17 in Axes
   484 | D        | Killed a stone giant
   484 | D        | Reached skill level 18 in Axes
   484 | D        | Killed a vault guard
   484 | D        | Reached skill level 1 in Dodging
   489 | D        | Killed a wizard
   489 | D        | Reached skill level 2 in Dodging
   490 | D        | Killed an ironbrand convoker
   550 | D        | Entered arena 11.
   557 | D        | Found a transporter.
   558 | D        | Reached skill level 10 in Shields
   558 | D        | Reached skill level 10 in Invocations
   559 | D        | Reached skill level 3 in Dodging
   559 | D        | Reached skill level 10 in Armour
   567 | D        | Reached skill level 4 in Dodging
   567 | D        | Reached XP level 12. HP: 102/108 MP: 19/19
   611 | D        | Entered arena 12.
   611 | D        | Noticed a glowing orange brain
   612 | D        | Noticed a death ooze
   612 | D        | Noticed an azure jelly
   613 | D        | Found the +8 trident of the Octopus King {venom, rElec
                  | rPois MR+}
   615 | D        | Found a transporter.
   618 | D        | Killed a death ooze
   618 | D        | Reached skill level 15 in Fighting
   619 | D        | Reached skill level 11 in Invocations
   619 | D        | Killed an azure jelly
   619 | D        | Reached skill level 11 in Armour
   619 | D        | Reached skill level 5 in Dodging
   619 | D        | Reached skill level 11 in Shields
   621 | D        | Killed a glowing orange brain
   629 | D        | Got the ring "Osuem" {Wiz Slay+2}
   633 | D        | Got the +4 hunting sling "Giantbane" {velocity, rN++}
   645 | D        | Entered arena 13.
   645 | D        | Noticed an alligator
   645 | D        | Noticed a seven-headed hydra
   647 | D        | Found a transporter.
   653 | D        | Killed an 11-headed hydra
   653 | D        | Reached skill level 6 in Dodging
   653 | D        | Reached skill level 12 in Shields
   653 | D        | Reached skill level 12 in Invocations
   658 | D        | Killed an alligator
   658 | D        | Reached skill level 16 in Fighting
   658 | D        | Reached skill level 12 in Armour
   658 | D        | Reached skill level 7 in Dodging
   681 | D        | Got the +6 fustibalus of Propriety {flame, Fragile rElec
                  | rPois rN+}
   686 | D        | Got the +0 ring mail of Untruth {rC++ Regen+ Str+3}
   698 | D        | Entered arena 14.
   699 | D        | Noticed an ice dragon
   699 | D        | Noticed an ice dragon
   702 | D        | Found a transporter.
   708 | D        | Reached skill level 6 in Evocations
   709 | D        | Killed an ice dragon
   712 | D        | Killed an ice dragon
   722 | D        | Got the +5 falchion of Caalup {vamp, Int+6 Dex-5}
   739 | D        | Entered arena 15.
   741 | D        | Noticed an eight-headed hydra
   742 | D        | Found a transporter.
   746 | D        | Reached XP level 13. HP: 106/118 MP: 22/22
   747 | D        | Reached skill level 7 in Evocations
   751 | D        | Killed an 11-headed hydra
   751 | D        | Reached skill level 8 in Dodging
   753 | D        | Reached ****** piety under Uskayaw
   760 | D        | Got the ring of Soewn {Str+3 Dex+5}
   790 | D        | Got the +9 flail of the Ecumenical Temple {pain, +Fly rElec
                  | rC-}
   797 | D        | Entered arena 16.
   798 | D        | Noticed a white very ugly thing
   798 | D        | Noticed a cyan very ugly thing
   798 | D        | Noticed a cyan very ugly thing
   801 | D        | Found a transporter.
   801 | D        | Noticed an ettin
   801 | D        | a slime creature changed into an ettin
   804 | D        | Killed a cyan very ugly thing
   804 | D        | Reached skill level 13 in Armour
   804 | D        | Reached skill level 13 in Shields
   804 | D        | Reached skill level 13 in Invocations
   804 | D        | Reached skill level 8 in Evocations
   805 | D        | Killed a cyan very ugly thing
   808 | D        | Noticed an ice dragon
   808 | D        | an ettin changed into an ice dragon
   811 | D        | an ice dragon changed into a water nymph
   815 | D        | Reached skill level 9 in Dodging
   816 | D        | Killed a brown very ugly thing
   816 | D        | Reached skill level 17 in Fighting
   816 | D        | Reached skill level 9 in Evocations
   825 | D        | Reached skill level 14 in Shields
   825 | D        | Reached skill level 14 in Invocations
   852 | D        | Got the cursed +0 hand crossbow of Doom {freeze, Str+2}
   858 | D        | Entered arena 17.
   861 | D        | Noticed a yellow draconian
   861 | D        | Noticed a red draconian
   861 | D        | Noticed a shadow dragon
   861 | D        | Noticed a red draconian
   861 | D        | Noticed a yellow draconian
   861 | D        | Noticed a storm dragon
   861 | D        | Noticed a green draconian stormcaller
   861 | D        | Noticed a black draconian
   861 | D        | Noticed a white draconian
   861 | D        | Noticed a white draconian
   861 | D        | Noticed a white draconian
   861 | D        | Noticed a storm dragon
   861 | D        | Noticed a tentacled monstrosity
   862 | D        | Noticed a green draconian
   863 | D        | Found a transporter.
   868 | D        | Killed a black draconian
   868 | D        | Reached skill level 14 in Armour
   868 | D        | Killed a red draconian
   868 | D        | Reached skill level 10 in Evocations
   868 | D        | Killed a tentacled monstrosity
   868 | D        | Killed a green draconian
   868 | D        | Reached skill level 15 in Invocations
   868 | D        | Killed a storm dragon
   868 | D        | Reached skill level 18 in Fighting
   868 | D        | Reached skill level 15 in Armour
   868 | D        | Reached XP level 14. HP: 83/131 MP: 23/25
   868 | D        | Killed a white draconian
   868 | D        | Killed a white draconian
   868 | D        | Reached skill level 16 in Armour
   869 | D        | Killed a red draconian
   869 | D        | Killed a storm dragon
   870 | D        | Killed a shadow dragon
   871 | D        | Killed a white draconian
   873 | D        | Killed a green draconian stormcaller
   873 | D        | Reached skill level 11 in Evocations
   873 | D        | Killed a yellow draconian
   874 | D        | Killed a yellow draconian
   874 | D        | Reached skill level 17 in Armour
   874 | D        | Reached skill level 10 in Dodging
   874 | D        | Reached skill level 16 in Invocations
   967 | D        | Got the ring "Udat" {rN+ EV+5 SInv}
  1117 | D        | Entered arena 18.
  1123 | D        | Noticed an acid blob
  1123 | D        | Noticed an acid blob
  1124 | D        | Noticed an acid blob
  1124 | D        | Noticed an azure jelly
  1124 | D        | Noticed an acid blob
  1125 | D        | Found the +6 Scorpio {venom, beckon}
  1125 | D        | Found a transporter.
  1131 | D        | Killed an acid blob
  1131 | D        | Reached skill level 15 in Shields
  1133 | D        | Killed an acid blob
  1133 | D        | Reached skill level 19 in Fighting
  1133 | D        | Killed an acid blob
  1133 | D        | Reached skill level 17 in Invocations
  1133 | D        | Reached skill level 12 in Evocations
  1135 | D        | Killed an acid blob
  1135 | D        | Reached skill level 11 in Dodging
  1137 | D        | Noticed an acid blob
  1138 | D        | Killed an azure jelly
  1138 | D        | Reached skill level 18 in Armour
  1142 | D        | Reached skill level 20 in Fighting
  1142 | D        | Reached XP level 15. HP: 60/141 MP: 22/27
  1145 | D        | Killed an acid blob
  1145 | D        | Reached skill level 18 in Invocations
  1196 | D        | Got Agiurric's Grimoire of the Assistive Snowflakes
  1203 | D        | Got Paasos's Catalogue of Creative Intoxication
  1206 | D        | Got the Volume of Execration
  1210 | D        | Got the Tome of Supportive Feathers
  1405 | D        | Entered arena 19.
  1412 | D        | Identified the ring "Tuuceyck" {rElec rF+ Dex-4 Slay+2
                  | SInv}
  1413 | D        | Found a transporter.
  1416 | D        | Reached skill level 19 in Invocations
  1421 | D        | Reached skill level 13 in Evocations
  1422 | D        | Reached skill level 20 in Invocations
  1422 | D        | Reached skill level 14 in Evocations
  1423 | D        | Reached skill level 15 in Evocations
  1425 | D        | Reached skill level 16 in Evocations
  1426 | D        | Reached skill level 21 in Invocations
  1430 | D        | Reached skill level 17 in Evocations
  1440 | D        | Reached skill level 18 in Evocations
  1741 | D        | Got the +4 troll leather armour of Nabeyjib {rC+ Regen+}
  1746 | D        | Got the Incunabulum of Feathers
  1755 | D        | Got the ring "Murghali" {*Drain Str+3 Dex+4 Stlth-}
  1774 | D        | Entered arena 20.
  1779 | D        | Noticed Saint Roka
  1779 | D        | Noticed Harold
  1779 | D        | Noticed Nikola
  1779 | D        | Noticed Gastronok
  1779 | D        | Noticed Josephine
  1779 | D        | Noticed Donald
  1779 | D        | Noticed Polyphemus
  1779 | D        | Noticed Agnes
  1779 | D        | Noticed Edmund
  1779 | D        | Noticed Duvessa
  1779 | D        | Noticed Kirke
  1780 | D        | Noticed Blork the orc
  1780 | D        | Noticed Sonja
  1780 | D        | Noticed Eustachio
  1780 | D        | Identified the +4 spear of Power {antimagic, Int+2}
  1780 | D        | Noticed Jessica
  1780 | D        | Noticed Maurice
  1781 | D        | Noticed Terence
  1782 | D        | Found a transporter.
  1787 | D        | Killed Edmund
  1790 | D        | Killed Agnes
  1790 | D        | Killed Jessica
  1791 | D        | Killed Blork the orc
  1792 | D        | Killed Gastronok
  1792 | D        | Reached skill level 19 in Armour
  1793 | D        | Killed Maurice
  1793 | D        | Killed Terence
  1793 | D        | Reached skill level 21 in Fighting
  1794 | D        | Killed Kirke
  1794 | D        | Killed Duvessa
  1798 | D        | Killed Polyphemus
  1798 | D        | Killed Josephine
  1798 | D        | Killed Saint Roka
  1798 | D        | Reached skill level 22 in Fighting
  1798 | D        | Reached skill level 20 in Armour
  1800 | D        | Killed Harold
  1802 | D        | Killed Nikola
  1802 | D        | Reached XP level 16. HP: 32/156 MP: 30/30
  1803 | D        | Killed Donald
  1803 | D        | Reached skill level 23 in Fighting
  1807 | D        | Killed Eustachio
  1807 | D        | HP: 14/157 [Sonja/+1 dagger of distortion (19)]
  1810 | D        | Killed Sonja
  2178 | D        | Got the +2 robe "Teowk" {rC+ Dex+7}
  2182 | D        | Got the +7 longbow "Tupoyhuh" {flame, SInv}
  2195 | D        | Got the Grimoire of Unholy Rites
  2234 | D        | Entered arena 21.
  2239 | D        | Noticed an Ice Fiend
  2239 | D        | Noticed an Ice Fiend
  2239 | D        | Noticed an Ice Fiend
  2241 | D        | Found the +8 glaive of the Guard {elec, +Rage AC+5 SInv}
  2250 | D        | Found a transporter.
  2256 | D        | HP: 19/157 [??? (11)]
  2257 | D        | HP: 9/157 [Ice Fiend/bolt of cold (35)]
  2259 | D        | Killed an Ice Fiend
  2259 | D        | Killed an Ice Fiend
  2259 | D        | Reached skill level 16 in Shields
  2260 | D        | Reached skill level 21 in Armour
  2260 | D        | Reached skill level 12 in Dodging
  2263 | D        | Killed an Ice Fiend
  2281 | D        | Got the +8 executioner's axe of Causality {freeze, Dex+2}
  2296 | D        | Got the amulet of Ponirin {Reflect rF+ MP-9 Str+4 SH+3}
  2300 | D        | Got the +2 shadow dragon scales of Kajen {Str+2 Stlth++++}
  2304 | D        | Got the +2 robe "Ihowkeo" {rC++ rCorr}
  2577 | D        | Entered arena 22.
  2584 | D        | Noticed a fire giant
  2585 | D        | Noticed a balrug
  2585 | D        | Noticed an orb of fire
  2585 | D        | Noticed a balrug
  2586 | D        | Noticed a balrug
  2586 | D        | Noticed an orb of fire
  2593 | D        | Killed a balrug
  2593 | D        | Reached skill level 24 in Fighting
  2593 | D        | Killed a balrug
  2593 | D        | Reached skill level 17 in Shields
  2594 | D        | Reached skill level 13 in Dodging
  2595 | D        | Killed a fire giant
  2598 | D        | HP: 21/159 [orb of fire/fireball (19)]
  2599 | D        | Killed an orb of fire
  2599 | D        | Reached skill level 22 in Armour
  2599 | D        | Reached skill level 18 in Shields
  2599 | D        | Killed a balrug
  2599 | D        | Reached skill level 14 in Dodging
  2599 | D        | Reached skill level 25 in Fighting
  2603 | D        | HP: 23/162 [orb of fire/fireball (3)]
  2604 | D        | Gained mutation: You are frail. (-10% HP) [an orb of fire]
  2605 | D        | HP: 9/145 [orb of fire/bolt of fire (31)]
  2606 | D        | Killed from afar by an orb of fire

Skill      XL: |  1  2  3  4  5  6  7  8  9 10 11 12 13 14 15 16 |
---------------+-------------------------------------------------+-----
Fighting       | 6 10 11 12 13 14 16 18 20 22 25 | 25.0
Axes           | 5 8 10 11 12 15 18 | 18.1
Invocations    | 3 6 8 9 10 12 15 17 21 | 21.0
Shields        | 5 7 9 10 12 14 15 18 | 18.2
Evocations     | 3 5 6 10 12 18 | 18.0
Armour         | 4 6 8 9 10 12 15 18 20 22 | 22.2
Dodging        | 4 7 9 11 14 | 14.1

Action                   |  1- 3 |  4- 6 |  7- 9 | 10-12 | 13-15 | 16-18 || total
-------------------------+-------+-------+-------+-------+-------+-------++-------
Melee: Shillelagh        |     3 |       |       |       |       |       ||     3
       Broad axe         |     2 |     5 |    17 |    61 |   100 |    48 ||   233
Invok: Grand Finale      |       |       |       |       |       |     1 ||     1
Evoke: Lightning rod     |       |       |       |     2 |       |       ||     2
       Wand              |       |       |       |       |     1 |     1 ||     2
       Sack of spiders   |       |       |       |       |     1 |       ||     1
  Use: Potion            |     1 |       |       |     1 |     1 |     9 ||    12
       Scroll            |       |       |       |       |       |     1 ||     1
 Stab: Paralysed         |       |       |     3 |    35 |    41 |    19 ||    98
       Distracted        |       |       |       |       |     2 |       ||     2
       Confused          |       |       |       |       |     1 |       ||     1
       Held in net/web   |       |       |       |       |     1 |       ||     1
  Eat: Ration            |       |       |       |       |     1 |     1 ||     2
Armor: Plate armour      |     3 |     1 |     4 |    36 |    40 |    13 ||    97
Dodge: Dodged            |       |       |     1 |    11 |    25 |    17 ||    54
Block: Shield            |    13 |     5 |    21 |    97 |   120 |    61 ||   317

Levels and vault maps discovered:
D:        sprint_v [room_start, room_1, room_2, room_3, room_4, room_5, room_6,
          room_7, room_8, room_9, room_10, room_11, room_12, room_13, room_14,
          room_15, room_16, room_17, room_18, room_19, room_20, room_21,
          room_22, room_23, room_24, room_25, room_26, room_27]

Table legend:
 A = Turns spent in this place as a percentage of turns spent in the entire game.
 B = Non-inter-level travel turns spent in this place as a percentage of non-inter-level travel turns spent in the entire game.
 C = Inter-level travel turns spent in this place as a percentage of turns spent in this place.
 D = Turns resting spent in this place as a percentage of non-inter-level travel turns spent in this place.
 E = Turns spent auto-exploring this place as a percentage of non-inter-level travel turns spent in this place.
 F = Non-inter-level travel turns spent in this place divided by the number of levels of this place that you've seen.
                   A       B       C       D       E      F
               +-------+-------+-------+-------+-------+----------------------
         Total | 100.0 | 100.0 |   0.3 |  57.9 |   0.7 | 2597.0
       Dungeon | 100.0 | 100.0 |   0.3 |  57.9 |   0.7 | 2597.0
               +-------+-------+-------+-------+-------+----------------------

Table legend:
 A = Kills in this place as a percentage of kills in entire the game.
 B = Kills by you in this place as a percentage of kills by you in the entire game.
 C = Kills by friends in this place as a percentage of kills by friends in the entire game.
 D = Other kills in this place as a percentage of other kills in the entire game.
 E = Experience gained in this place as a percentage of experience gained in the entire game.
 F = Experience gained in this place divided by the number of levels of this place that you have seen.
                   A       B       C       D       E      F
               +-------+-------+-------+-------+-------+----------------------
         Total | 100.0 | 100.0 | 100.0 |   N/A | 100.0 | 148999.0
       Dungeon | 100.0 | 100.0 | 100.0 |   N/A | 100.0 | 148999.0
               +-------+-------+-------+-------+-------+----------------------
